 Dungeon Crawl Stone Soup version 0.31-a0-609-g7bf6ffcfed (webtiles) character file.

Game seed: 17644492922569146517

3183 mdonais the Fighter (level 9, -7/70 HPs)
             Began as an Octopode Reaver on Aug 21, 2023.
             Was an Initiate of Gozag.
             Shot with an arrow by a centaur (9 damage)
             ... on level 7 of the Dungeon.
             The game lasted 00:47:21 (8251 turns).

mdonais the Fighter (Octopode Reaver)               Turns: 8251, Time: 00:47:21

Health: -7/70      AC:  1    Str: 17    XL:     9   Next: 95%
Magic:  19/21      EV: 18    Int: 16    God:    Gozag
Gold:   598        SH:  0    Dex: 20    Spells: 5/12 levels left

rFire   . . .        m - +3 whip (flame)
rCold   . . .        (no shield)
rNeg    . . .        (helmet restricted)
rPois   .            (no amulet)
rElec   .            a - +6 ring of strength
rCorr   +            g - ring of resist corrosion
SInv    .            s - +6 ring of dexterity
Will    .....        w - ring of magical power
Stlth   ++++         (no ring)
HPRegen 0.31/turn    (no ring)
MPRegen 0.17/turn    (no ring)
                     (no ring)

%: no passive effects
@: gold aura, invisible
A: almost no armour, amphibious, 8 rings, camouflage 1, gelatinous body 1,
(nimble swimmer 1), tentacles
a: Renounce Religion, Potion Petition, Call Merchant, Bribe Branch


You were on level 7 of the Dungeon.
You worshipped Gozag.
Gozag was pleased with you.
You visited 2 branches of the dungeon, and saw 8 of its levels.

You collected 648 gold pieces.
You paid 50 gold pieces to Gozag.

Inventory:

Hand Weapons
 c - a +0 spear of venom
   (You took it off a gnoll on level 5 of the Dungeon)
 i - a +0 dagger
   (You took it off a goblin on level 1 of the Dungeon)
 m - a +3 whip of flaming (weapon)
   (You took it off a gnoll bouda on level 5 of the Dungeon)
 z - a +1 trident of freezing
   (You took it off an orc warrior on level 6 of the Dungeon)
 A - a +0 sling
   (You took it off Joseph on level 7 of the Dungeon)
Missiles
 t - 3 boomerangs (quivered)
 y - 6 poisoned darts
 Z - a throwing net {=!f}
Magical Staves
 k - a staff of fire
   (You found it on level 6 of the Dungeon)
Jewellery
 a - a +6 ring of strength (left tentacle)
   (You found it on level 1 of the Dungeon)
 g - a ring of resist corrosion (right tentacle)
   (You found it on level 1 of the Dungeon)
 s - a +6 ring of dexterity (on tentacle)
   (You found it on level 4 of the Dungeon)
 w - a ring of magical power (on tentacle)
   (You found it on level 6 of the Dungeon)
Wands
 D - a wand of digging (8)
   (You found it on level 5 of the Dungeon)
 I - a wand of iceblast (1)
   (You found it on level 5 of the Dungeon)
 V - a wand of flame (3)
   (You found it on level 5 of the Dungeon)
Scrolls
 d - a scroll of fear
 e - a scroll of noise
 f - a scroll of silence {unknown}
 h - a scroll of poison
 p - a scroll of vulnerability
 T - 2 scrolls of teleportation
Potions
 b - a potion of berserk rage {unknown}
 l - a potion of enlightenment
 n - 4 potions of magic {unknown}
 o - 2 potions of attraction
 q - a potion of mutation {unknown}
 r - a potion of brilliance
 u - a potion of haste {unknown}
 v - a potion of cancellation {unknown}
 x - a potion of degeneration {unknown}
 Q - 2 potions of curing


   Skills:
 + Level 9.8 Fighting
 + Level 7.3 Dodging
 - Level 6.0 Stealth
 - Level 3.4 Unarmed Combat
 - Level 2.0 Spellcasting
 - Level 3.0 Conjurations
 - Level 2.0 Translocations
 - Level 1.5 Transmutations
 - Level 1.5 Earth Magic
 - Level 3.0 Evocations


You had 5 spell levels left.
You knew the following spells:

 Your Spells              Type           Power      Damage    Failure   Level
a - Kiss of Death         Conj/Necr      24%        2d7       11%         1
b - Momentum Strike       Conj/Tloc      18%        3d8       11%         2
c - Ensorcelled Hibernat  Hex/Ice        2%         N/A       30%         2
d - Passwall              Tmut/Erth      5%         N/A       17%         2

Your spell library contained the following spells:

 Spells                   Type           Power      Damage    Failure   Level
 Wereblood                Tmut           6%         N/A       17%         2
 Sublimation of Blood     Necr           1%         N/A       30%         2
 Hailstorm                Conj/Ice       6%         3d4       32%         3
 Swiftness                Air            1%         N/A       52%         3
 Petrify                  Tmut/Erth      6%         N/A       73%         4
 Iskenderun's Battlesphe  Conj           11%        2d7       86%         5
 Irradiate                Conj/Tmut      4%         3d13      92%         5
 Leda's Unmaking          Conj/Erth      4%         9d2       100%        6
 Spellforged Servitor     Conj/Summ      3%         N/A       100%        7


Dungeon Overview and Level Annotations

Branches:
Dungeon (7/15) Zot: 26872  Temple (1/1) D:5 Zot: 5947

Altars:
Ashenzari
Dithmenos
Elyvilon
Fedhas
Gozag
Hepliaklqana
Kikubaaqudgha
Makhleb
Nemelex Xobeh
Okawaru
Qazlal
Ru
Sif Muna
Trog
Uskayaw
Vehumet
Yredelemnul
Zin
The Shining One

Shops:
D:1 *

Annotations:
D:2 1 runed translucent door, Crazy Yiuf, Sigmund
D:3 2 transporters, Grinder; baller8008's ghost, amateur FeSh
D:4 Menkaure


Innate Abilities, Weirdness & Mutations

You cannot wear most types of armour.
You are amphibious.
You can wear up to eight rings at the same time.
Your skin changes colour to match your surroundings (Stealth+).
Your rubbery body absorbs attacks. (AC +1, EV +1)
((You are camouflaged when in or above water. (Stealth+)))
You have tentacles for arms and can constrict up to eight enemies at once.


Message History

You destroy the phantom!
No target in view!
You now have 575 gold pieces (gained 5).
There is an open door here.
Press: ? - help, v - describe, . - travel A granite statue.
Unknown command.
Unknown command.
There is an open door here.
Things that are here:
a +0 war axe; a +0 orcbow; a +0 plate armour You see here a +0 dagger.
Key pressed, stopping explore.
Things that are here:
a +0 dagger; a +0 leather armour Health restored: 68 Throw: 4 boomerangs
Press: ? - help, Q - select action, (/) - cycle Shift-Dir - straight line, f - wight
Aim: a wight, wielding a +1 battleaxe and wearing a +0 robe (wandering, hasn't noticed you, 64% to hit)
You throw a boomerang. The boomerang barely misses the wight.
Throw: 3 boomerangs
Press: ? - help, Q - select action, (/) - cycle Shift-Dir - straight line, f/p - wight
Aim: a wight, wielding a +1 battleaxe and wearing a +0 robe (64% to hit)
You throw a boomerang.
The boomerang hits the wight but does no damage.
You hit the wight but do no damage. You grab the wight.
You constrict the wight. The wight hits you with a +1 battleaxe!
You feel drained.
You take 11 damage, and have 57/66 hp.
You hit the wight. You burn the wight. You squeeze the wight!
The wight is almost destroyed.
You constrict the wight. The wight misses you.
You whack the wight! You burn the wight.
You destroy the wight!
Your life force feels restored.
You regained 2 hp, and now have 59/69 hp.
You now have 583 gold pieces (gained 8).
Things that are here:
a +1 battleaxe; a +0 robe
There is an open door here.
You now have 588 gold pieces (gained 5).
Done exploring.
Health restored: 69 Done exploring.
Search for what [Enter for "."]? .
Unknown command.
There's nothing to open nearby.
There is a stone staircase leading down here.
You climb downwards.
There is a stone staircase leading up here.
You open the door.
Joseph, a Mercenary comes into view.
He is wielding a +0 quarterstaff.
There is an open door here.
The helpless Joseph fails to defend himself.
You hit Joseph. You burn Joseph. You grab Joseph. You squeeze Joseph.
Joseph is lightly wounded.
You constrict Joseph. Joseph barely misses you.
You whack Joseph! You burn Joseph. You squeeze Joseph, but do no damage.
Joseph is moderately wounded.
You constrict Joseph. Joseph barely misses you.
You whack Joseph! You burn Joseph.
Joseph is heavily wounded.
You constrict Joseph. Joseph hits you with a +0 quarterstaff!
You take 12 damage, and have 57/69 hp.
You hit Joseph. You burn Joseph.
Joseph is severely wounded.
You constrict Joseph. Joseph hits you with a +0 quarterstaff!
You take 9 damage, and have 48/69 hp.
You whack Joseph! You burn Joseph.
Joseph is almost dead.
You constrict Joseph. Joseph barely misses you.
You barely miss Joseph. You squeeze Joseph.
You kill Joseph!
Your Dodging skill increases to level 7!
HP restored.
A white imp comes into view.
Items here: $ )) [.
Health restored: 70
A - a +0 sling A white imp is nearby!
The helpless white imp fails to defend itself.
You hit the white imp. You burn the white imp. You grab the white imp.
The white imp is heavily wounded.
You constrict the white imp. The white imp gestures at you.
The puff of frost misses you.
You hit the white imp but do no damage.
The white imp is heavily wounded.
You constrict the white imp. The white imp closely misses you.
You hit the white imp. You burn the white imp.
You kill the white imp!
No target in view!
You now have 593 gold pieces (gained 5).
You now have 598 gold pieces (gained 5).
Things that are here:
a +0 quarterstaff; a +0 leather armour
o - 2 potions of attraction (gained 1)
A steam dragon comes into view.
Okay, then.
The helpless steam dragon fails to defend itself.
You hit the steam dragon. You burn the steam dragon.
You squeeze the steam dragon.
The steam dragon is moderately wounded.
The steam dragon bites you.
The steam dragon claws you but does no damage.
The steam dragon closely misses you. The steam dragon claws you.
You take 10 damage, and have 60/70 hp.
You hit the steam dragon. You burn the steam dragon.
The steam dragon is heavily wounded.
The steam dragon barely misses you. The steam dragon claws you.
You take 4 damage, and have 56/70 hp.
You hit the steam dragon. You burn the steam dragon.
You squeeze the steam dragon!
The steam dragon is almost dead.
A centaur comes into view. It is wielding a +0 short sword.
The steam dragon misses you. The steam dragon closely misses you.
The centaur moves out of view.
You closely miss the steam dragon.
The steam dragon is almost dead.
The steam dragon breathes steam at you. The ball of steam hits you!!
You hear a shout!
You take 23 damage, and have 33/70 hp.
MASSIVE DAMAGE!!
The steam dragon closely misses you. x2
You are too injured to fight recklessly!
You whack the steam dragon! You burn the steam dragon.
You kill the steam dragon!
The centaur unwields a +0 short sword.
The centaur wields a +0 orcbow.
The centaur shoots an arrow.
The arrow hits you!
You take 10 damage, and have 24/70 hp.
The centaur shoots an arrow.
The arrow hits you!
* * * LOW HITPOINT WARNING * * *
The centaur shoots an arrow.
The arrow misses you.
You see here 15 gold pieces.
You take 14 damage, and have 10/70 hp.
You fade into invisibility!
The centaur shoots an arrow.
The arrow completely misses you.
Casting: Passwall (safe; 17% risk of failure)
Confirm with . or Enter, or press ? or * to list all spells.
Aiming: Passwall (safe; 17% risk of failure)
Press: ? - help, Dir - move target You can't see that place. [the floor.]
You begin to meditate on the wall.
You continue meditating on the rock.
The centaur shoots an arrow.
The arrow hits you!
* * * LOW HITPOINT WARNING * * *
You continue meditating on the rock.
The centaur shoots an arrow.
The arrow hits you!
You die...
Your body crumbles into a pile of gold.

#' ##.#+##+###
.........$#
..........#
..........###
+#...c..$@+
#.####.#####...
#..............
######.####....
+....#.# .
#....#.#
#....#.#
#....#.####
#....#....#


You could see a centaur (unable to see you).

Vanquished Creatures
  Joseph (D:7)
  A troll (D:6)
  A hornet (D:6)
  A steam dragon (D:7)
  A water moccasin (D:6)
  4 ice beasts
  2 orc warriors (D:6)
  2 sky beasts (D:6)
  A black bear (D:5)
  3 phantoms
  A bullfrog (D:6)
  A gnoll sergeant (D:6)
  5 scorpions
  A wight (D:6)
  A howler monkey (D:5)
  A jelly (D:6)
  5 hounds
  A gnoll bouda (D:5)
  4 iguanas
  3 sleepcaps
  2 orc wizards
  9 gnolls
  4 adders
  A shadow imp (D:6)
  2 white imps
  3 ufetubi
  2 worms
  3 dart slugs
  9 orcs
  6 bats
  7 endoplasms
  A giant cockroach (D:2)
  7 goblins
  6 hobgoblins
  A jackal (D:5)
  4 quokkas
  7 ball pythons
  5 frilled lizards
  5 kobolds
  2 rats (D:3)
126 creatures vanquished.

Notes
Turn   | Place    | Note
-------+----------+-------------------------------------------
     0 | D:1      | mdonais the Octopode Reaver began the quest for the Orb.
     0 | D:1      | Reached XP level 1. HP: 14/14 MP: 3/3
    71 | D:1      | Reached skill level 1 in Stealth
   327 | D:1      | Reached XP level 2. HP: 14/19 MP: 5/5
   377 | D:1      | Learned a level 2 spell: Momentum Strike
   795 | D:1      | Found Meuthraff's General Store.
   983 | D:2      | Reached XP level 3. HP: 24/24 MP: 6/6
   986 | D:2      | Reached skill level 1 in Translocations
  1261 | D:2      | Noticed Sigmund
  1619 | D:2      | Found a runed translucent door.
  1620 | D:2      | Noticed Crazy Yiuf
  1903 | D:2      | Learned a level 2 spell: Ensorcelled Hibernation
  1957 | D:3      | Found a glowing silver altar of Zin.
  1983 | D:3      | Found a transporter.
  1985 | D:3      | Noticed baller8008's ghost (amateur FeSh)
  2053 | D:3      | Noticed Grinder
  2118 | D:3      | Found a transporter.
  2139 | D:3      | Found a stormy altar of Qazlal.
  2275 | D:3      | Reached XP level 4. HP: 23/29 MP: 7/7
  2464 | D:4      | Reached skill level 3 in Fighting
  2555 | D:4      | Noticed Menkaure
  3002 | D:5      | Entered Level 5 of the Dungeon
  3032 | D:5      | Reached XP level 5. HP: 34/36 MP: 8/8
  3033 | D:5      | Reached skill level 4 in Fighting
  3057 | D:5      | Noticed an ice beast
  3137 | D:4      | Reached XP level 6. HP: 14/45 MP: 9/9
  3288 | D:5      | Reached skill level 5 in Fighting
  3291 | D:5      | Learned a level 2 spell: Passwall
  3339 | D:5      | Noticed an ice beast
  3384 | D:5      | Reached skill level 1 in Transmutations
  3384 | D:5      | Reached skill level 1 in Earth Magic
  3476 | D:5      | Found a staircase to the Ecumenical Temple.
  3486 | Temple   | Entered the Ecumenical Temple
  3517 | Temple   | Became a worshipper of Gozag Ym Sagoz the Greedy
  3981 | D:5      | Reached XP level 7. HP: 26/50 MP: 10/10
  4658 | D:5      | Reached skill level 6 in Fighting
  4996 | D:5      | Reached skill level 7 in Fighting
  4996 | D:5      | Reached XP level 8. HP: 52/60 MP: 11/11
  5099 | D:5      | Found a hide-covered altar of Uskayaw.
  5137 | D:5      | Found a staircase to the Ecumenical Temple.
  5611 | D:6      | Reached skill level 1 in Evocations
  6199 | D:6      | Reached skill level 5 in Dodging
  6994 | D:6      | Found a white marble altar of Elyvilon.
  7149 | D:6      | Found a shadowy altar of Dithmenos.
  7480 | D:6      | Reached skill level 5 in Stealth
  7713 | D:6      | Reached XP level 9. HP: 55/64 MP: 12/12
  7775 | D:6      | Noticed a hornet
  7775 | D:6      | Noticed a troll
  7790 | D:6      | Killed a troll
  7790 | D:6      | Killed a hornet
  7791 | D:6      | Reached skill level 8 in Fighting
  7864 | D:6      | Reached skill level 9 in Fighting
  8127 | D:7      | Noticed Joseph
  8135 | D:7      | Killed Joseph
  8250 | D:7      | HP: 2/70 [centaur/arrow (10)]
  8251 | D:7      | Shot with an arrow by a centaur

Illustrated notes

Levels and vault maps discovered:
D:1:      matt_arrival_refuge, layout_basic, serial_shops, shop
D:2:      layout_loops_ring, uniq_crazy_yiuf_cottage, uniq_sigmund
D:3:      layout_basic, mainiacjoe_overflow_paths, zin_statuary,
          gammafunk_ghost_mausoleum, uniq_grinder
D:4:      layout_cave_pools, uniq_menkaure
D:5:      minmay_inner_zag, layout_cave_pools, mainiacjoe_overflow_alcove_2,
          minmay_temple_entry_junction_2
D:6:      kennysheep_windowed_halls, layout_basic, mainiacjoe_overflow_swirl
D:7:      layout_basic, xom_teletrap_fun, grunt_ministairs_12,
          dreamdust_gnoll_farm, uniq_pikel, uniq_joseph
Temple:   dpeg_chambers_temple

Skill      XL: |  1  2  3  4  5  6  7  8  9 |
---------------+----------------------------+-----
Stealth        | 1 2 3 5 6 |  6.0
Translocations | 1 2 |  2.0
Fighting       | 3 4 5 7 9 |  9.8
Transmutations | 1 |  1.5
Earth Magic    | 1 |  1.5
Dodging        | 3 4 6 7 |  7.3
Evocations     | 3 |  3.0
Unarmed Combat | |  3.4
Spellcasting   | |  2.0
Conjurations   | |  3.0

Action                     |  1- 3 |  4- 6 |  7- 9 || total
---------------------------+-------+-------+-------++-------
  Melee: Unarmed           |    93 |    53 |     9 ||   155
         Constrict         |    18 |    17 |    32 ||    67
         Tentacles         |     9 |    14 |    49 ||    72
         Punch             |     2 |     2 |    11 ||    15
         Dagger            |       |     9 |     3 ||    12
         Whip              |       |       |   137 ||   137
  Throw: Dart              |       |    29 |    27 ||    56
         Boomerang         |       |    23 |    54 ||    77
         Throwing net      |       |     1 |     1 ||     2
   Cast: Momentum Strike   |       |     4 |       ||     4
         Passwall          |       |       |     2 ||     2
  Evoke: Wand              |       |       |     5 ||     5
    Use: Potion            |       |     7 |     1 ||     8
         Scroll            |       |     6 |     3 ||     9
   Stab: Sleeping          |    11 |     1 |     7 ||    19
         Invisible         |       |     1 |       ||     1
         Distracted        |       |       |     1 ||     1
         Held in net/web   |       |       |     1 ||     1
 Armour: Skin              |    11 |     1 |     4 ||    16
  Dodge: Dodged            |    35 |    34 |    92 ||   161

Table legend: (Time is in decaauts)
 A = Elapsed time spent in this place.
 B = Non-inter-level travel time spent in this place.
 C = Inter-level travel time spent in this place.
 D = Time resting spent in this place.
 E = Time spent auto-exploring this place.
 F = Levels seen in this place.
 G = Mean time per level.
                   A        B        C        D        E       F      G
               +--------+--------+--------+--------+--------+-----+--------+
         Total |   8281 |   7910 |    371 |    621 |   5528 |   8 | 1035.1 |
       Dungeon |   8228 |   7903 |    325 |    621 |   5528 |   7 | 1175.4 |
        Temple |     52 |      6 |     46 |      0 |      0 |   1 |   52.0 |
               +--------+--------+--------+--------+--------+-----+--------+

Top non-repeatable levels by time:
     D:6: 2364 daAuts
     D:5: 2217 daAuts
     D:4: 1032 daAuts
     D:2: 998 daAuts
     D:1: 942 daAuts
     D:3: 547 daAuts
     D:7: 126 daAuts
  Temple: 52 daAuts
